 Dungeon Crawl Stone Soup version 0.20.1-1-g8b1a95d (webtiles) character file.

45 equalderp2856 the Covered (level 3, -1/33 HPs)
             Began as a Minotaur Fighter on July 23, 2017.
             Killed by nerve-wracking pain
             ... invoked by Jessica
              (11 damage)
             ... on level 2 of the Dungeon.
             The game lasted 00:02:07 (1209 turns).

equalderp2856 the Covered (Minotaur Fighter)        Turns: 1209, Time: 00:02:07

Health: -1/33      AC:  9    Str: 20    XL:     3   Next: 42%
Magic:  2/2        EV:  5    Int:  5    God:
Gold:   34         SH:  9    Dex: 10    Spells: 2/2 levels left

rFire    . . .     SeeInvis .   a - +0 war axe
rCold    . . .     Gourm    .   c - +0 shield
rNeg     . . .     Faith    .   g - +0 chain mail
rPois    .         Spirit   .   (helmet restricted)
rElec    .         Reflect  .   (no cloak)
rCorr    .         Harm     .   (no gloves)
MR       .....                  (no boots)
Stlth    ..........             (no amulet)
Regen    0.2/turn               (no ring)
MPRegen  0.1/turn               (no ring)

@: slowed, very slow
A: retaliatory headbutt, horns 2
a: no special abilities


You were on level 2 of the Dungeon.
You were very hungry.

You visited 1 branch of the dungeon, and saw 2 of its levels.

You collected 34 gold pieces.

Inventory:

Hand Weapons
 a - a +0 war axe (weapon)
 n - a +0 dagger
 r - a +0 hunting sling
 t - a +0 short sword
Missiles
 e - 79 stones (quivered)
 i - 47 arrows
 o - 26 bolts
 s - a throwing net
Armour
 b - a +0 scale mail
 c - a +0 shield (worn)
 g - a +0 chain mail (worn)
 h - a +0 pair of boots
 u - a +0 robe
Scrolls
 p - a scroll of identify {unknown}
 w - a scroll of teleportation {unknown}
 x - a scroll of immolation {unknown}
Potions
 d - a potion of might
 j - a potion of heal wounds {unknown}
 k - a potion of lignification {unknown}
 l - a potion of cancellation {unknown}
 m - a potion of degeneration {unknown}
 q - a potion of curing {unknown}
Comestibles
 f - a bread ration
 v - a meat ration


   Skills:
 + Level 4.0 Fighting
 + Level 3.1 Axes
 + Level 4.2 Armour
 + Level 0.2 Dodging
 + Level 4.2 Shields


You had 2 spell levels left.
You didn't know any spells.

Dungeon Overview and Level Annotations

Branches:
Dungeon (2/15)

Altars:
Ru

Annotations:
D:2 Jessica


Innate Abilities, Weirdness & Mutations

You reflexively headbutt those who attack you in melee.
You have a pair of horns on your head.


Message History

You block Jessica's attack.
Your shield and chain mail prevent you from hitting Jessica.
Your headbutt misses Jessica. You block Jessica's attack.
Jessica gestures wildly while chanting.
Jessica blinks!
Jessica mumbles some strange words.
Jessica blinks!
Jessica casts a spell at you. Pain shoots through your body!
* * * LOW HITPOINT WARNING * * *
There is a sacrificial altar of Ru here.
Number of times to repeat, then command key: You must enter the number of times for the command to repeat.
Jessica hits you but does no damage. x2
You barely miss Jessica. Jessica hits you but does no damage.
Your shield and chain mail prevent you from hitting Jessica.
You block Jessica's attack. Jessica casts a spell at you.
Pain shoots through your body!
You die...

.......#
######.....#
#..........#
###.##....####
...#####.#
......#)########## .
###.....#.'.).......
...
#..@##..#.######....
#+#..#..@.#..#.#
#....
#......._.)....#
#....
#.[#..#.[..#..##
#.... #. ##...#..#
#.... # ...###..#
#.... ..!... ...#
##### ####......#
..###### ###


You could see Jessica.

Vanquished Creatures
  2 worms (D:2)
  A dart slug (D:1)
  2 leopard geckos
  2 giant cockroaches
  12 hobgoblins
  2 bats
  A frilled lizard (D:2)
  4 goblins
  3 kobolds
  3 rats
32 creatures vanquished.

Notes
Turn   | Place    | Note
-------+----------+-------------------------------------------
     0 | D:1      | equalderp2856 the Minotaur Fighter began the quest for the Orb.
     0 | D:1      | Reached XP level 1. HP: 19/19 MP: 0/0
   302 | D:1      | Reached XP level 2. HP: 27/27 MP: 1/1
  1071 | D:2      | Reached XP level 3. HP: 30/33 MP: 2/2
  1190 | D:2      | Found a sacrificial altar of Ru.
  1191 | D:2      | Noticed Jessica
  1209 | D:2      | Killed from afar by Jessica

Skill      XL: |  1  2  3 |
---------------+----------+-----
Shields        | 4 |  4.2
Axes           | 3 |  3.1
Armour         | 4 |  4.2
Fighting       | 4 |  4.0
Dodging        | |  0.2

Action                   || total
-------------------------++-------
Melee: War axe           ||    90
       Headbutt          ||     8
Armor: Chain mail        ||    60
       Scale mail        ||     2
Dodge: Dodged            ||    17
Block: Shield            ||    72
